 Dungeon Crawl Stone Soup version 0.21-a0-2-ge494091 (webtiles) character file.

306 grindst0ne the Ruffian (level 6, -2/61 HPs)
             Began as a Troll Monk on May 21, 2017.
             Slain by a water moccasin (7 damage)
             ... on level 3 of the Dungeon.
             The game lasted 00:03:43 (2077 turns).

grindst0ne the Ruffian (Troll Monk)                 Turns: 2077, Time: 00:03:45

Health: -2/61      AC:  5    Str: 22    XL:     6   Next: 16%
Magic:  5/5        EV: 12    Int: 11    God:
Gold:   102        SH:  0    Dex: 12    Spells: 5/5 levels left

rFire    . . .     SeeInvis .     - Unarmed
rCold    . . .     Gourm    +   (no shield)
rNeg     . . .     Faith    .   a - +0 robe
rPois    .         Spirit   .   (helmet restricted)
rElec    .         Reflect  .   (no cloak)
rCorr    .         Harm     .   (gloves unavailable)
MR       .....                  (boots unavailable)
Stlth    ++........             (no amulet)
Regen    0.6/turn               o - +2 ring of evasion
MPRegen  0.1/turn               (no ring)

@: brilliant, lethally poisoned (-2 -> -24)
A: unfitting armour, claws 3, fast metabolism 3, gourmand, regeneration 1,
shaggy fur 1, tough skin 2
a: no special abilities


You were on level 3 of the Dungeon.
You were very full.

You visited 1 branch of the dungeon, and saw 3 of its levels.

You collected 102 gold pieces.

Inventory:

Hand Weapons
 p - a +0 blowgun
Armour
 a - a +0 robe (worn)
 k - a +0 large shield
Jewellery
 o - a +2 ring of evasion (left claw)
Scrolls
 g - 2 scrolls of noise {unknown}
 i - 2 scrolls of amnesia {unknown}
 j - 6 scrolls of identify {unknown}
 m - a scroll of recharging {unknown}
 q - a scroll of fear {unknown}
 r - a scroll of blinking {unknown}
Potions
 c - a potion of brilliance
 d - a potion of invisibility {unknown}
 e - a potion of curing {unknown}
 h - a potion of haste {unknown}
Comestibles
 b - 3 bread rations
 f - 3 chunks of flesh
 l - a meat ration
 n - a royal jelly


   Skills:
 + Level 3.5 Fighting
 - Level 2.4 Dodging
 - Level 1.0 Stealth
 + Level 2.3 Shields
 * Level 5.3 Unarmed Combat


You had 5 spell levels left.
You didn't know any spells.

Dungeon Overview and Level Annotations

Branches:
Dungeon (3/15)

Altars:


Innate Abilities, Weirdness & Mutations

You are too large for most types of armour.
You have claws for hands.
Your metabolism is lightning-fast.
You like to eat raw meat.
Your natural rate of healing is unusually fast.
You are covered in fur. (AC +1)
You have very tough skin. (AC +2)


Message History

You feel sick. The water moccasin bites you. x2
* * * LOW HITPOINT WARNING * * *
You scratch the water moccasin.
The water moccasin is almost dead.
You feel sick. The water moccasin barely misses you.
You barely miss the water moccasin.
The water moccasin is almost dead.
You feel sick. The water moccasin bites you.
* * * LOW HITPOINT WARNING * * *
You are lethally poisoned!
The water moccasin poisons you!
It was a potion of brilliance.
You feel clever all of a sudden.
* * * LOW HITPOINT WARNING * * *
You feel very sick. The water moccasin bites you.
* * * LOW HITPOINT WARNING * * *
You are more poisoned.
The water moccasin poisons you! The water moccasin bites you!
You die...

#.#### #.# #.#
#.# #)# #)# ?
###.### ...
#.....######.....
#........@SS.....
#.....##########.
#.....# #######


You could see a water moccasin and an adder.

Vanquished Creatures
  Sigmund (D:2)
  An orc priest (D:3)
  Robin (D:2)
  4 adders
  A worm (D:2)
  2 dart slugs
  3 leopard geckos
  6 orcs (D:3)
  4 bats
  5 giant cockroaches
  7 hobgoblins
  11 kobolds
  2 quokkas (D:3)
  3 frilled lizards (D:1)
  12 goblins
  5 rats
68 creatures vanquished.

Notes
Turn   | Place    | Note
-------+----------+-------------------------------------------
     0 | D:1      | grindst0ne the Troll Monk began the quest for the Orb.
     0 | D:1      | Reached XP level 1. HP: 22/22 MP: 0/0
   248 | D:1      | Reached XP level 2. HP: 29/29 MP: 1/1
   690 | D:2      | Reached XP level 3. HP: 35/36 MP: 2/2
   741 | D:2      | Noticed Robin
   825 | D:1      | Reached skill level 4 in Unarmed Combat
   849 | D:2      | Reached skill level 1 in Shields
   857 | D:2      | Killed Robin
   902 | D:2      | Reached XP level 4. HP: 44/44 MP: 3/3
   930 | D:2      | Noticed Sigmund
   938 | D:2      | Killed Sigmund
   938 | D:2      | Reached skill level 5 in Unarmed Combat
   938 | D:2      | Reached XP level 5. HP: 18/53 MP: 4/4
  1794 | D:3      | Reached XP level 6. HP: 61/61 MP: 5/5
  2063 | D:3      | Noticed a water moccasin
  2077 | D:3      | Slain by a water moccasin

Vault maps used:
D:1:      onia_arrival_pentagram, minmay_misc_feat_hallway
D:2:      uniq_sigmund, uniq_robin
D:3:      first_bread

Skill      XL: |  1  2  3  4  5 |
---------------+----------------+-----
Unarmed Combat | 4 5 |  5.3
Shields        | 1 2 |  2.3
Fighting       | 3 |  3.5
Dodging        | |  2.4
Stealth        | |  1.0

Action                   |  1- 3 |  4- 6 || total
-------------------------+-------+-------++-------
Melee: Unarmed           |   106 |    91 ||   197
       Punch             |     1 |     2 ||     3
  Use: Scroll            |       |     2 ||     2
       Potion            |       |     1 ||     1
  Eat: Chunk             |    12 |    12 ||    24
Armor: Robe              |    52 |    13 ||    65
Dodge: Dodged            |    89 |    46 ||   135
